Map: 光影交错-天梯版

Players

iGMacSed (MacSed)

  • Race: Protoss Protoss

JieShi - Winner!

  • Race: Protoss Protoss
  • League: Master

Event: DreamHack SC2 Masters 2021 Summer

VOD

Have the link to the VOD?

Description

Time

  • Played on: May 26, 2021, 9:32 a.m.
  • Length: 13:30

All games in this series

Show
View Real Time Build Order
Export as new Build Order

iGMacSed Protoss 

Build Orders: Zealot Archon 

Get SALT Encoding   

  12  0:00  Probe  
  13  0:12  Probe  
  14  0:17  Pylon  
  14  0:24  Probe (Chrono Boost)  
  16  0:36  Probe (Chrono Boost), Gateway  
  16  0:43  Probe (Chrono Boost)  
  16  0:45  Assimilator  
  17  0:50  Probe  
  17  0:55  Assimilator  
  18  1:03  Probe (Chrono Boost)  
  19  1:08  Gateway  
  19  1:15  Probe (Chrono Boost)  
  20  1:22  Probe (Chrono Boost)  
  20  1:24  Cybernetics Core  
  21  1:29  Probe  
  22  1:35  Pylon  
  22  1:41  Probe  
  23  1:53  Probe  
  24  2:00  Warp Gate (Chrono Boost)  
  24  2:01  Stalker x2  
  28  2:08  Probe  
  29  2:31  Stalker  
  31  2:51  Nexus  
  31  2:52  Pylon  
  31  3:02  Pylon  
  31  3:10  Probe  
  32  3:17  Shield Battery  
  32  3:22  Probe  
  33  3:34  Probe (Chrono Boost)  
  33  3:41  Twilight Council  
  33  3:42  Forge  
  33  3:43  Sentry x2  
  33  3:44  Probe (Chrono Boost)  
  38  3:49  Probe (Chrono Boost)  
  40  4:03  Probe (Chrono Boost), Protoss Ground Weapons Level 1 (Chrono Boost)  
  40  4:05  Probe (Chrono Boost)  
  41  4:13  Probe (Chrono Boost)  
  41  4:14  Blink (Chrono Boost)  
  41  4:16  Probe (Chrono Boost)  
  43  4:23  Probe (Chrono Boost)  
  43  4:24  Probe (Chrono Boost)  
  45  4:25  Adept x2  
  45  4:29  Probe (Chrono Boost)  
  45  4:30  Probe (Chrono Boost)  
  51  4:38  Robotics Facility  
  51  4:39  Probe  
  51  4:41  Probe  
  53  4:46  Assimilator  
  53  4:51  Probe  
  54  4:53  Probe  
  55  5:01  Gateway  
  55  5:03  Probe  
  55  5:05  Probe, Gateway  
  57  5:11  Stalker x2  
  57  5:13  Pylon  
  61  5:15  Probe  
  62  5:25  Pylon  
  62  5:27  Nexus  
  62  5:35  Probe  
  63  5:38  Pylon  
  63  5:40  Observer  
  63  5:41  Probe  
  65  5:47  Probe, Stalker x2  
  70  5:53  Probe  
  71  5:57  Pylon  
  71  5:59  Probe  
  71  6:01  Observer  
  73  6:04  Protoss Ground Weapons Level 2 (Chrono Boost)  
  73  6:05  Probe  
  73  6:08  Charge  
  72  6:11  Probe  
  71  6:19  Probe, Shield Battery  
  71  6:25  Immortal  
  76  6:29  Probe, Gateway  
  76  6:31  Gateway  
  77  6:36  Gateway  
  77  6:38  Gateway  
  77  6:46  Probe x2  
  79  6:51  Stalker x3  
  85  6:54  Stalker  
  87  7:02  Pylon  
  85  7:09  Probe x2  
  85  7:13  Templar Archives  
  85  7:14  Probe  
  88  7:18  Templar Archives  
  88  7:19  Warp Prism  
  90  7:24  Observer  
  90  7:26  Gateway x2  
  90  7:28  Pylon  
  90  7:29  Pylon  
  89  7:31  Stalker x2  
  89  7:36  Observer  
  89  7:40  Probe x2  
  89  7:42  Zealot x3  
  98  7:44  Probe  
  98  7:51  High Templar x2  
  98  7:52  Zealot  
  98  7:55  Pylon  
  98  7:56  Pylon  
  105  7:58  Pylon  
  105  7:59  Archon  
  104  8:09  Zealot  
  104  8:10  Zealot x4  
  113  8:23  Pylon  
  113  8:26  Pylon  
  112  8:31  Zealot x4  
  120  8:46  Nexus  
  120  8:47  Pylon  
  120  8:49  Pylon x2  
  120  8:55  High Templar x2  
  122  8:56  Zealot x2  
  122  9:02  Archon  
  121  9:03  Zealot x2  
  121  9:07  Zealot x2  
  121  9:08  Zealot  
  79  9:19  High Templar x2, Zealot  
  83  9:24  Archon  
  83  9:26  Zealot x2  
  83  9:28  Shield Battery  
  83  9:29  Shield Battery  
  87  9:32  Zealot x3  
  87  9:33  Zealot x2  
  87  9:35  Protoss Ground Weapons Level 3 (Chrono Boost)  
  87  9:37  Pylon  
  97  9:43  Probe x2  
  99  9:47  Probe  
  100  9:54  Zealot x5  
  100  9:57  Shield Battery  
  110  10:04  Pylon  
  110  10:08  High Templar x2, Zealot x2  
  110  10:13  Archon  
  118  10:17  Zealot x3, Stalker  
  126  10:24  Shield Battery  
  126  10:28  Zealot  
  126  10:29  Photon Cannon, Zealot  
  126  10:33  Probe  
  126  10:34  Probe  
  130  10:47  Shield Battery  
  128  10:50  Zealot x2, High Templar, Pylon  
  128  10:51  High Templar, Zealot x2  
  128  10:55  Archon  
  140  11:02  Zealot  
  140  11:03  Zealot x3  
  146  11:11  Zealot x4  
  146  11:12  Immortal (Chrono Boost)  
  156  11:27  Zealot x6  
  156  11:28  Robotics Bay  
  168  11:37  Zealot x4  
  148  11:48  Zealot  
  148  11:49  Zealot x3  
  148  11:50  Zealot  
  158  11:57  Zealot x3  
  155  12:02  Zealot x2  
  121  12:10  Zealot x3  
  91  12:15  Zealot x2  
  91  12:20  Zealot x2  
  79  12:25  Zealot x2  
  62  12:37  High Templar x4  
  62  12:38  Zealot x2  
  62  12:41  Archon x2  
  62  12:42  Zealot x2  
  78  12:49  Zealot x2  
Show
View Real Time Build Order
Export as new Build Order

JieShi Protoss - Winner!

Build Orders: Archon Immortal 

Get SALT Encoding   

  12  0:00  Probe  
  13  0:13  Probe  
  14  0:18  Pylon  
  14  0:25  Probe (Chrono Boost)  
  15  0:37  Probe (Chrono Boost), Gateway  
  16  0:43  Probe (Chrono Boost)  
  16  0:46  Assimilator  
  17  0:51  Probe  
  17  0:54  Assimilator  
  18  1:03  Probe (Chrono Boost)  
  19  1:07  Gateway  
  19  1:13  Probe (Chrono Boost)  
  19  1:18  Probe (Chrono Boost)  
  20  1:24  Cybernetics Core  
  21  1:30  Probe  
  22  1:37  Pylon  
  22  1:42  Probe  
  23  1:55  Probe  
  23  2:01  Stalker x2, Warp Gate  
  28  2:11  Pylon  
  28  2:26  Pylon  
  28  2:41  Nexus  
  28  2:44  Probe  
  28  2:45  Sentry  
  28  2:48  Shield Battery  
  31  2:53  Sentry  
  31  2:56  Probe  
  34  3:00  Pylon  
  34  3:08  Probe  
  35  3:20  Probe  
  35  3:25  Twilight Council  
  36  3:30  Shield Battery  
  36  3:32  Probe  
  37  3:41  Forge  
  37  3:44  Probe (Chrono Boost)  
  38  3:50  Stalker  
  42  3:56  Probe x2 (Chrono Boost)  
  44  4:03  Probe x2 (Chrono Boost)  
  44  4:06  Blink (Chrono Boost)  
  44  4:09  Protoss Ground Weapons Level 1  
  44  4:11  Probe x2 (Chrono Boost)  
  46  4:23  Probe x2 (Chrono Boost)  
  48  4:31  Probe (Chrono Boost)  
  49  4:33  Probe (Chrono Boost)  
  49  4:37  Probe  
  50  4:43  Stalker x2  
  50  4:44  Probe  
  56  4:49  Probe  
  56  4:55  Shield Battery  
  56  4:59  Probe  
  57  5:01  Probe  
  58  5:11  Nexus  
  58  5:13  Probe  
  59  5:19  Probe, Pylon  
  60  5:21  Robotics Facility  
  60  5:25  Probe, Gateway  
  60  5:26  Gateway  
  61  5:34  Assimilator  
  61  5:38  Probe  
  61  5:39  Stalker x2  
  66  5:43  Shield Battery  
  66  5:49  Probe, Pylon  
  67  5:50  Probe  
  68  5:57  Pylon  
  68  5:58  Gateway  
  68  6:00  Gateway  
  68  6:03  Probe x2  
  66  6:15  Probe (Chrono Boost)  
  66  6:16  Probe (Chrono Boost)  
  66  6:17  Stalker x2  
  72  6:19  Protoss Ground Weapons Level 2 (Chrono Boost)  
  72  6:23  Gateway x2  
  72  6:27  Probe (Chrono Boost)  
  75  6:33  Probe x2 (Chrono Boost)  
  75  6:36  Probe (Chrono Boost)  
  75  6:38  Immortal (Chrono Boost)  
  78  6:40  Probe x2 (Chrono Boost)  
  78  6:41  Probe (Chrono Boost)  
  78  6:45  Adept  
  78  6:46  Adept  
  87  7:10  Charge (Chrono Boost), Pylon, Immortal (Chrono Boost)  
  87  7:12  Photon Cannon  
  87  7:15  Probe, Templar Archives  
  92  7:16  Pylon  
  92  7:19  Photon Cannon, Pylon  
  92  7:29  Zealot x2  
  96  7:30  Zealot x3  
  102  7:41  Pylon  
  102  7:42  Probe  
  99  7:45  Zealot  
  99  7:46  Zealot x2, Immortal (Chrono Boost)  
  109  7:55  High Templar x2  
  109  7:56  Zealot x3  
  119  7:59  Pylon  
  119  8:02  Archon  
  119  8:08  Zealot x3  
  119  8:10  Pylon  
  125  8:19  Observer  
  116  8:30  Zealot x4  
  116  8:31  High Templar x2  
  116  8:32  Zealot x2  
  128  8:37  Archon  
  128  8:40  Gateway  
  128  8:43  Gateway  
  128  8:49  Assimilator  
  128  8:52  Stalker  
  128  8:53  Zealot x3, Assimilator, Stalker x2  
  138  9:05  Protoss Ground Weapons Level 3 (Chrono Boost)  
  138  9:09  Zealot x2  
  120  9:10  Immortal (Chrono Boost)  
  116  9:18  Nexus  
  116  9:19  Zealot  
  116  9:20  Zealot x3  
  116  9:22  Pylon  
  122  9:31  Pylon  
  122  9:36  Probe  
  122  9:37  Probe x2  
  125  9:42  Zealot x2  
  125  9:43  Photon Cannon, Shield Battery  
  129  9:49  Photon Cannon  
  129  9:50  Gateway  
  129  9:59  High Templar  
  131  10:00  High Templar, Zealot x3  
  131  10:03  Zealot  
  131  10:04  Archon  
  141  10:07  Warp Prism (Chrono Boost)  
  143  10:14  Photon Cannon  
  143  10:17  High Templar x2  
  143  10:18  Zealot  
  143  10:21  Archon  
  149  10:24  Zealot x2  
  149  10:27  Immortal  
  153  10:31  Pylon  
  156  10:46  High Templar x2, Zealot  
  156  10:47  Zealot x3  
  168  10:50  Archon  
  168  10:54  Zealot x3  
  174  10:58  Zealot  
  174  11:03  Pylon  
  176  11:05  Zealot  
  176  11:06  Observer  
  179  11:15  Photon Cannon x2  
  179  11:17  Shield Battery  
  179  11:18  Pylon  
  179  11:27  High Templar x2, Stalker x2  
  179  11:31  Archon  
  187  11:38  Zealot x2  
  163  11:45  Zealot x5  
  167  11:58  Zealot x2  
  167  11:59  Zealot x2  
  167  12:01  Zealot x2  
  167  12:06  Zealot x3  
  167  12:07  Zealot, Stalker  
  145  12:14  Observer  
  131  12:19  Zealot x3, Stalker  
  121  12:25  Zealot x2  
  119  12:30  Zealot x4  
  119  12:35  Observer  
  122  12:49  High Templar x3  
  122  12:50  High Templar  
Tags
 
Add a new tag
Caveats
  • Supply blocks, unpowered buildings, or Contaminate may cause inaccurate times.
  • Supply counts are checked every 10 seconds.